 Dungeon Crawl Stone Soup version 0.28-a0-909-g796cbd3a86 (webtiles) character file.

Game seed: 6123936999417126833

4693 BinkBink the Grappler (level 10, -3/80 HPs)
             Began as a Ghoul Fighter on Nov 24, 2021.
             Was an Elder of Jiyva.
             Killed by dispel undead
             ... invoked by Josephine
              (45 damage)
             ... on level 10 of the Dungeon.
             The game lasted 00:18:34 (9436 turns).

BinkBink the Grappler (Ghoul Fighter)               Turns: 9436, Time: 00:18:35

Health: -3/80      AC: 26    Str: 24    XL:     10   Next: 44%
Magic:  9/9        EV:  7    Int:  3    God:    Jiyva [****..]
Gold:   386        SH:  4    Dex:  8    Spells: 9/9 levels left

rFire   . . .      SeeInvis .     - Unarmed
rCold   + + .      Faith    .   b - +0 buckler
rNeg    + + +      Spirit   .   f - +3 plate armour
rPois   ∞          Reflect  .   w - +0 helmet of Polytheism {Harm rPois rC+ Regen+}
rElec   .          Harm     +   j - +0 cloak
rCorr   +          Rampage  .   (no gloves)
Will    .....                   e - +2 pair of boots
Stlth   ..........              (no amulet)
HPRegen 1.60/turn               d - +4 ring of protection
MPRegen 0.51/turn               (no ring)

@: inhibited regen
A: claws 1, cold resistance 1, negative energy resistance 3, inhibited
regeneration, torment resistance 2
a: Renounce Religion, Oozemancy, Slimify


You were on level 10 of the Dungeon.
You worshipped Jiyva.
Jiyva was greatly pleased with you.
You visited 2 branches of the dungeon, and saw 11 of its levels.

You collected 386 gold pieces.

Inventory:

Missiles
 a - a throwing net (quivered)
Armour
 b - a +0 buckler (worn)
 e - a +2 pair of boots (worn)
 f - a +3 plate armour (worn)
 j - a +0 cloak (worn)
 o - a +0 helmet
 w - the +0 helmet of Polytheism (worn) {Harm rPois rC+ Regen+}
   (You found it on level 7 of the Dungeon)

   rC:        It protects you from cold.
   rPois:     It protects you from poison.
   Regen:     It increases your rate of health regeneration.
   Harm:      It increases damage dealt and taken.
 B - +0 acid dragon scales
Magical Staves
 v - a staff of death
Jewellery
 d - a +4 ring of protection (left claw)
Wands
 n - a wand of flame (54)
Scrolls
 g - 3 scrolls of magic mapping
 l - 4 scrolls of immolation
 p - a scroll of fear {unknown}
 r - 3 scrolls of identify
 u - a scroll of fog {unknown}
 y - a scroll of teleportation {unknown}
 z - a scroll of brand weapon {unknown}
Potions
 c - a potion of might
 h - 3 potions of magic {unknown}
 i - 2 potions of heal wounds {unknown}
 k - 2 potions of haste
 m - 2 potions of cancellation {unknown}
 q - a potion of attraction {unknown}
 s - a potion of degeneration {unknown}
 t - a potion of brilliance {unknown}
 x - a potion of flight {unknown}
 A - a potion of curing


   Skills:
 + Level 4.8 Fighting
 + Level 7.6 Armour
 - Level 1.0 Dodging
 + Level 1.5 Stealth
 + Level 4.7 Shields
 + Level 12.7 Unarmed Combat


You had 9 spell levels left.
You didn't know any spells.
Your spell library contained the following spells:

 Spells                   Type           Power      Damage    Failure   Level
 Apportation              Tloc           0%         N/A       100%        1
 Sting                    Tmut/Pois      0%         1d3       100%        1
 Poisonous Vapours        Pois/Air       0%         N/A       100%        2
 Olgreb's Toxic Radiance  Pois           0%         N/A       100%        4
 Alistair's Intoxication  Tmut/Pois      0%         N/A       100%        5


Dungeon Overview and Level Annotations

Branches:
Dungeon (10/15)            Temple (1/1) D:6            Lair (0/6) D:10
    Orc: D:9-12

Altars:
Ashenzari
Dithmenos
Elyvilon
Fedhas
Gozag
Hepliaklqana
Kikubaaqudgha
Makhleb
Nemelex Xobeh
Okawaru
Qazlal
Ru
Sif Muna
Trog
Uskayaw
Vehumet
Wu Jian
Xom
Yredelemnul
Zin
The Shining One
Jiyva

Shops:
D:3 ::(   D:4 (

Annotations:
D:3 Edmund
D:4 Pikel
D:10 Josephine, Urug


Innate Abilities, Weirdness & Mutations

You thrive by killing the living.
You are immune to poison.
You have sharp fingernails.
Your flesh is cold resistant. (rC+)
You are immune to negative energy. (rN+++)
You do not regenerate when monsters are visible.
You are immune to unholy pain and torment.


Message History

You closely miss Josephine. Josephine casts a spell at you.
You convulse!
As you read the scroll labelled OBYCEG PYVUA, it crumbles to dust.
You feel aware of your surroundings.
You sensed 1 altar, and 1 shop/portal.
It was a scroll of magic mapping.
You block Josephine's attack.
Okay, then.
You closely miss Josephine. Josephine hits you with a +0 dagger.
You block Josephine's attack.
You closely miss Josephine. You block Josephine's attack.
You closely miss Josephine. Josephine hits you but does no damage.
You closely miss Josephine. Josephine hits you but does no damage.
You scratch Josephine.
Josephine is lightly wounded.
Josephine hits you but does no damage.
You mangle Josephine!!
Josephine is heavily wounded.
Josephine hits you but does no damage. x2
You barely miss Josephine.
Josephine is moderately wounded.
You feel yourself speed up. Josephine barely misses you.
You claw Josephine!
Josephine is severely wounded.
Josephine barely misses you.
You barely miss Josephine.
Josephine is severely wounded.
You scratch Josephine but do no damage.
Josephine is severely wounded.
Josephine casts a spell at you.
You convulse!
You barely miss Josephine.
Josephine is severely wounded.
Josephine hits you but does no damage.
You scratch Josephine.
Josephine is severely wounded.
Josephine casts a spell at you.
You convulse!
Ouch! That really hurt!
You die...

,..........>.........#
########..#..#.####.##
#.J.......#..#.# #.#
#.######..#..#.# #.#
..#.......#..#.# #.#
.....###..#....# #.#
.#######.....### #.#
..............y####.#
######*#......W@@.).#
.....,.......#W######
#####*###....#.#
,,,,,,,,#....#.#
*,,,**,,#....#.#
*,,,***,#....#.#
**,,***,#...o#.#******
**,,,,,,#....#..,,,,,*
**,,,,,*,,,,###***,**


You could see Josephine, 2 wraiths and a killer bee.

Vanquished Creatures
  Nergalle (D:10)
  2 centaur zombies
  A queen bee (D:9)
  A hornet (D:9)
  2 wraiths (D:10)
  6 yaks (D:8)
  An acid dragon (D:9)
  An orc warrior (D:5)
  A sky beast (D:8)
  An ogre (D:6)
  A hornet zombie (D:9)
  2 centaurs
  3 lemures
  A bullfrog (D:6)
  2 wyvern zombies
  2 scorpions
  A water moccasin zombie (D:5)
  A wyvern skeleton (D:5)
  18 killer bees
  A bullfrog zombie (D:7)
  3 hounds
  A gnoll shaman (D:6)
  2 orc priests (D:7)
  A jelly (D:5)
  2 iguanas
  4 orc wizards
  A killer bee zombie (D:7)
  A hound skeleton (D:5)
  A howler monkey zombie (D:6)
  6 gnolls
  4 adders
  A white imp (D:7)
  4 dart slugs
  14 orcs
  7 endoplasms
  4 giant cockroaches
  4 goblins
  4 hobgoblins
  2 jackals (D:2)
  3 quokkas
  10 ball pythons
  7 bats
  5 frilled lizards
  7 kobolds
  4 rats
151 creatures vanquished.

Vanquished Creatures (others)
  A killer bee (D:7)
  2 jellies (D:9)
  4 gnolls (D:7)
  65 plants
72 creatures vanquished.

Grand Total: 223 creatures vanquished

Notes
Turn   | Place    | Note
-------+----------+-------------------------------------------
     0 | D:1      | BinkBink the Ghoul Fighter began the quest for the Orb.
     0 | D:1      | Reached XP level 1. HP: 19/19 MP: 0/0
   112 | D:1      | Reached XP level 2. HP: 10/26 MP: 1/1
   743 | D:1      | Reached XP level 3. HP: 29/31 MP: 2/2
  1314 | D:2      | Reached skill level 3 in Unarmed Combat
  1738 | D:2      | Reached XP level 4. HP: 34/39 MP: 3/3
  2055 | D:2      | Found an iron altar of Okawaru.
  2283 | D:3      | Found Zamus's Book Shoppe.
  2286 | D:3      | Found a stormy altar of Qazlal.
  2311 | D:3      | Reached skill level 1 in Dodging
  2671 | D:3      | Found Tealistrezi's Book Shoppe.
  2922 | D:3      | Found Xoassyrch's Antique Weapon Emporium.
  3133 | D:3      | Found a hide-covered altar of Uskayaw.
  3166 | D:4      | Noticed a lemure
  3167 | D:4      | Noticed Pikel
  3167 | D:4      | Noticed a lemure
  3168 | D:4      | Noticed a lemure
  3168 | D:4      | Noticed a lemure
  3203 | D:4      | Reached XP level 5. HP: 45/45 MP: 4/4
  3305 | D:4      | Reached skill level 4 in Unarmed Combat
  3443 | D:4      | Found Weodomepn's Weapon Shoppe.
  3487 | D:4      | Killed a lemure
  3793 | D:3      | Killed a lemure
  3966 | D:4      | Killed a lemure
  4127 | D:4      | Noticed Edmund
  5031 | D:5      | Entered Level 5 of the Dungeon
  5043 | D:5      | Reached XP level 6. HP: 46/52 MP: 5/5
  5170 | D:5      | Reached skill level 5 in Armour
  5170 | D:5      | Reached skill level 1 in Stealth
  5170 | D:5      | Reached skill level 5 in Unarmed Combat
  5170 | D:5      | Reached XP level 7. HP: 43/58 MP: 6/6
  5409 | D:5      | Reached skill level 6 in Unarmed Combat
  5728 | D:5      | Reached XP level 8. HP: 36/66 MP: 7/7
  6026 | D:5      | Reached skill level 7 in Unarmed Combat
  6320 | D:6      | Found a staircase to the Ecumenical Temple.
  6330 | Temple   | Entered the Ecumenical Temple
  6340 | Temple   | Became a worshipper of Jiyva Jevuj the Shapeless
  6475 | D:6      | Found an ornate altar of the Wu Jian Council.
  6819 | D:7      | Identified the +0 helmet of Polytheism {Harm rPois rC+
                  | Regen+}
  7075 | D:7      | Reached skill level 8 in Unarmed Combat
  7146 | D:7      | Found an opulent altar of Gozag.
  7166 | D:7      | Reached * piety under Jiyva
  7186 | D:7      | Found an ancient bone altar of Kikubaaqudgha.
  7333 | D:7      | Found a basalt altar of Yredelemnul.
  7733 | D:7      | Reached XP level 9. HP: 72/72 MP: 8/8
  7842 | D:7      | Found a sparkling altar of Nemelex Xobeh.
  7842 | D:7      | Found a shimmering blue altar of Sif Muna.
  7850 | D:7      | Found a blossoming altar of Fedhas.
  7852 | D:7      | Found a radiant altar of Vehumet.
  7854 | D:7      | Found a broken altar of Ashenzari.
  7937 | D:8      | Reached ** piety under Jiyva
  7954 | D:8      | Reached skill level 9 in Unarmed Combat
  8360 | D:8      | Reached skill level 10 in Unarmed Combat
  8642 | D:9      | Reached *** piety under Jiyva
  8755 | D:9      | Reached skill level 11 in Unarmed Combat
  8788 | D:9      | Noticed a hornet
  8863 | D:9      | Killed a hornet
  8999 | D:9      | Noticed a queen bee
  9014 | D:9      | Reached XP level 10. HP: 80/80 MP: 9/9
  9055 | D:9      | Reached skill level 12 in Unarmed Combat
  9174 | D:9      | Reached **** piety under Jiyva
  9264 | D:10     | Entered Level 10 of the Dungeon
  9264 | D:10     | Noticed Urug
  9373 | D:10     | Noticed Nergalle
  9398 | D:10     | Killed Nergalle
  9408 | D:10     | Noticed Josephine
  9436 | D:10     | Killed from afar by Josephine

Illustrated notes

Levels and vault maps discovered:
D:1:      denvon_arrival_planthouse, layout_basic
D:2:      layout_rooms, serial_bayou, serial_bayou_ford_a, serial_bayou_pond_e,
          serial_bayou_pond_e, serial_bayou_shore_a, serial_bayou_crossing,
          serial_bayou_lagoon_a, basic_altar, chequers_serial_rivers_large_b,
          minmay_tiny_reverse_x
D:3:      layout_loops_ring, nicolae_uskayaw_suspiria,
          mainiacjoe_overflow_concentric_impassable, serial_shops,
          nicolae_lakefront_shop, shop, nicolae_shop_crystal
D:4:      layout_basic, serial_shops, shop_statue, uniq_pikel, uniq_edmund
D:5:      layout_loops_ring
D:6:      wander_river, layout_rooms, elyvilon_altar_1,
          nzn_wu_jian_contemplation, minmay_temple_entry_trees,
          kennysheep_windowed_goal
D:7:      layout_layer_cave, mainiacjoe_overflow_brackets,
          overflow_temple_1_default, chequers_temple_overflow_minitemple,
          kennysheep_mini_moat, grunt_decor_mini_mirrors, feat_on_display
D:8:      layout_basic
D:9:      layout_roguey, nicolae_looking_at_the_future
D:10:     minmay_recursive_quarters, layout_basic, kennysheep_slug_shrine,
          dpeg_lair_monsters, serial_shops, nicolae_shop_window_shopping,
          uniq_nergalle, uniq_josephine, uniq_urug, uniq_grum
Temple:   pf_slimified_temple

Skill      XL: |  1  2  3  4  5  6  7  8  9 10 |
---------------+-------------------------------+-----
Armour         | 3 4 5 6 7 |  7.6
Unarmed Combat | 3 4 5 6 8 11 12 | 12.7
Shields        | 3 4 |  4.7
Dodging        | 1 |  1.0
Stealth        | 1 |  1.5
Fighting       | 4 |  4.8

Action                   |  1- 3 |  4- 6 |  7- 9 | 10-12 || total
-------------------------+-------+-------+-------+-------++-------
Melee: Unarmed           |   139 |   269 |   267 |    92 ||   767
  Use: Scroll            |       |     5 |     2 |     1 ||     8
       Potion            |       |     2 |     1 |       ||     3
Armor: Scale mail        |    55 |    31 |       |       ||    86
       Plate armour      |       |   124 |   131 |    61 ||   316
Dodge: Dodged            |    67 |    86 |    56 |    21 ||   230
Block: Buckler           |    15 |    44 |    38 |    15 ||   112

Table legend: (Time is in decaauts)
 A = Elapsed time spent in this place.
 B = Non-inter-level travel time spent in this place.
 C = Inter-level travel time spent in this place.
 D = Time resting spent in this place.
 E = Time spent auto-exploring this place.
 F = Levels seen in this place.
 G = Mean time per level.
                   A        B        C        D        E       F      G
               +--------+--------+--------+--------+--------+-----+--------+
         Total |   9425 |   9152 |    273 |      0 |   7562 |  11 |  856.8 |
       Dungeon |   9339 |   9092 |    247 |      0 |   7513 |  10 |  933.9 |
        Temple |     85 |     59 |     26 |      0 |     49 |   1 |   85.0 |
               +--------+--------+--------+--------+--------+-----+--------+

Top non-repeatable levels by time:
     D:3: 1702 daAuts
     D:1: 1254 daAuts
     D:5: 1141 daAuts
     D:7: 1126 daAuts
     D:4: 1099 daAuts
     D:2: 1000 daAuts
     D:9: 733 daAuts
     D:8: 602 daAuts
     D:6: 547 daAuts
    D:10: 131 daAuts
  Temple: 85 daAuts
